 Dungeon Crawl Stone Soup version 0.17.1-3-g152610e (webtiles) character file.

85 Jerry the Shield-Bearer (level 4, 0/35 HPs)
             Began as a Formicid Fighter on Mar 24, 2016.
             Slain by a goblin
             ... wielding a +0 club
              (1 damage)
             ... on level 3 of the Dungeon.
             The game lasted 00:06:42 (1958 turns).

Jerry the Shield-Bearer (Formicid Fighter)          Turns: 1958, Time: 00:06:42

Health: 0/35       AC:  8    Str: 22    XL:     4   Next: 75%
Magic:  4/4        EV:  8    Int:  7    God:
Gold:   102        SH:  9    Dex: 10    Spells: 0 memorised, 3 levels left

rFire  . . .     SeeInvis +     a - +0 long sword
rCold  . . .     Clarity  .     b - +0 scale mail
rNeg   . . .     SustAt   .     c - +0 shield
rPois  .         Gourm    .     (helmet unavailable)
rElec  .         Spirit   .     (no cloak)
rCorr  .         Warding  .     (no gloves)
rMut   .         Stasis   +     o - +0 pair of boots
MR     .....                    (no amulet)
Stlth  ..........               (no ring)
                                r - ring of loudness (curse)

@: not resistant to hostile enchantments, extremely unstealthy
A: permanent stasis, dig shafts and tunnels, four strong arms, antennae 3
a: Dig, Shaft Self


You were on level 3 of the Dungeon.
You were not hungry.

You visited 1 branch of the dungeon, and saw 3 of its levels.

You collected 102 gold pieces.

Inventory:

Hand Weapons
 a - a +0 long sword (weapon)
Armour
 b - a +0 scale mail (worn)
 c - a +0 shield (worn)
 o - a +0 pair of boots (worn)
Jewellery
 r - a cursed ring of loudness (left hand)
Scrolls
 f - 2 scrolls of enchant weapon {unknown}
 j - a scroll of fog {unknown}
 m - a scroll of recharging {unknown}
 p - a scroll of enchant armour {unknown}
 q - 2 scrolls of identify {unknown}
 s - 4 scrolls of remove curse {unknown}
 t - 2 scrolls of blinking {unknown}
 u - a scroll of immolation {unknown}
Potions
 d - a potion of might
 g - a potion of mutation {unknown}
 h - a potion of agility {unknown}
 i - a potion of curing {unknown}
 k - a potion of flight {unknown}
 l - a potion of invisibility {unknown}
 n - a potion of heal wounds {unknown}
 v - a potion of haste {unknown}
 w - a potion of degeneration {unknown}
Comestibles
 e - 2 bread rations


   Skills:
 - Level 3.2 Fighting
 + Level 3.3 Long Blades
 + Level 4.1 Armour
 + Level 4.4 Shields


You had 3 spell levels left.
You didn't know any spells.

Dungeon Overview and Level Annotations

Branches:
Dungeon (3/15)

Altars:
Gozag
Nemelex Xobeh


Innate Abilities, Weirdness & Mutations

You are under a permanent stasis effect.
You can dig through walls and to a lower floor.
Your four strong arms can wield two-handed weapons with a shield.
You have a pair of large antennae on your head (SInv).


Message History

Your shield and scale mail prevent you from hitting the hound.
The hound is severely wounded.
The bat completely misses you. The hound barely misses you.
The goblin hits you but does no damage. You block the hound's attack.
The goblin closely misses you. The rat bites you.
* * * LOW HITPOINT WARNING * * *
You closely miss the hound.
The hound is severely wounded.
You block the bat's attack. The bat hits you but does no damage.
You block the hound's attack. The goblin hits you with a dagger.
* * * LOW HITPOINT WARNING * * *
You block the goblin's attack. The rat bites you.
* * * LOW HITPOINT WARNING * * *
The hound bites you but does no damage. The bat barely misses you.
You closely miss the hound.
The hound is severely wounded.
The bat hits you but does no damage. The hound bites you but does no damage.
The goblin barely misses you. You block the rat's attack.
The goblin hits you with a club.
You die...

###### ######
......##(....##
..............#
.........b...?.
.......รท.......
..(...h@g......
......gr.......
...............
......>........
..............#
#.....##?....##
#..### ######
#.#


You could see a hound, 2 goblins, a bat and a rat.

Vanquished Creatures
  3 adders (D:2)
  3 oozes
  A worm (D:1)
  2 ball pythons
  3 giant cockroaches
  8 goblins
  4 hobgoblins
  2 jackals (D:1)
  5 kobolds
  7 bats
  2 giant geckos (D:2)
  2 giant newts (D:2)
  2 rats
44 creatures vanquished.

Notes
Turn   | Place    | Note
--------------------------------------------------------------
     0 | D:1      | Jerry the Formicid Fighter began the quest for the Orb.
     0 | D:1      | Reached XP level 1. HP: 18/18 MP: 1/1
   136 | D:1      | Reached XP level 2. HP: 24/24 MP: 2/2
   284 | D:1      | Reached skill level 4 in Shields
   304 | D:1      | Reached XP level 3. HP: 26/29 MP: 3/3
   846 | D:2      | Reached XP level 4. HP: 35/35 MP: 4/4
  1041 | D:2      | Found a sparkling altar of Nemelex Xobeh.
  1088 | D:2      | Found an opulent altar of Gozag.
  1957 | D:3      | HP: 1/35 [rat (1)]
  1958 | D:3      | Slain by a goblin

Action                   |  1- 3 |  4- 6 || total
-------------------------+-------+-------++-------
Melee: Long sword        |   113 |    99 ||   212
  Eat: Chunk             |       |     4 ||     4
